 Dungeon Crawl Stone Soup version 0.20.1-1-g8b1a95d (webtiles) character file.

321 tidbits the Insei (level 6, 0/46 HPs)
             Began as a Demigod Transmuter on Aug 19, 2017.
             Slain by a two-headed ogre
             ... wielding a +0 giant club
              (25 damage)
             ... on level 4 of the Dungeon.
             The game lasted 00:12:18 (1412 turns).

tidbits the Insei (Demigod Transmuter)              Turns: 1412, Time: 00:12:19

Health: 0/46       AC:  5    Str: 13    XL:     6   Next: 1%
Magic:  5/11       EV: 19    Int: 21    God:
Gold:   182        SH:  0    Dex: 21    Spells: 3/9 levels left

rFire    . . .     SeeInvis .     - Unarmed
rCold    . . .     Gourm    .   (shield currently unavailable)
rNeg     . . .     Faith    .   (armour currently unavailable)
rPois    x         Spirit   .   (helmet currently unavailable)
rElec    .         Reflect  .   (cloak currently unavailable)
rCorr    .         Harm     .   (gloves currently unavailable)
MR       +....                  (boots currently unavailable)
Stlth    ++........             R - amulet of regeneration
Regen    0.6/turn               H - ring of protection from magic
MPRegen  0.2/turn               U - +3 ring of protection

@: spider-form (expiring), very slightly contaminated
A: high mp 1, mutation resistance 1
a: End Transformation


You were on level 4 of the Dungeon.
You were not hungry.
You were a venomous arachnid creature.
You visited 1 branch of the dungeon, and saw 4 of its levels.

You collected 182 gold pieces.

Inventory:

Missiles
 a - 22 arrows
Armour
 b - a +0 robe (melded)
 n - a scarf of cloud immunity
   (You found it on level 2 of the Dungeon)
 C - a scarf of resistance (melded)
   (You found it on level 2 of the Dungeon)
 G - a +0 pair of gloves (melded)
Jewellery
 H - a ring of protection from magic (left front leg)
   (You found it on level 1 of the Dungeon)
 R - an amulet of regeneration (around neck)
   (You found it on level 2 of the Dungeon)
 U - a +3 ring of protection (right front leg)
   (You found it on level 1 of the Dungeon)
Scrolls
 i - 2 scrolls of blinking {unknown}
 k - 6 scrolls of remove curse {unknown}
 l - a scroll of enchant weapon {unknown}
 m - a scroll of fog {unknown}
 o - a scroll of enchant armour {unknown}
 q - a scroll of immolation {unknown}
Potions
 e - a potion of resistance {unknown}
 h - a potion of heal wounds
 j - a potion of flight {unknown}
 p - a potion of lignification {unknown}
Books
 c - a book of Changes

   Spells                             Type                      Level
   a - Beastly Appendage              Transmutation                1
   b - Sticks to Snakes               Transmutation                2
   c - Spider Form                    Transmutation/Poison         3
   d - Ice Form                       Ice/Transmutation            4
   e - Blade Hands                    Transmutation                5
Comestibles
 d - 4 bread rations
 f - 2 fruits
 g - 3 chunks of flesh
 r - a royal jelly


   Skills:
 - Level 0.8 Fighting
 - Level 1.7 Dodging
 * Level 5.5 Unarmed Combat
 - Level 2.0 Spellcasting
 + Level 3.3 Transmutations


You had 3 spell levels left.
You knew the following spells:

 Your Spells              Type           Power        Failure   Level  Hunger
e - Beastly Appendage     Tmut           ###...       12%         1    #......
k - Sticks to Snakes      Tmut           ###.....     16%         2    ##.....
p - Spider Form           Tmut/Pois      #.........   43%         3    ###....


Dungeon Overview and Level Annotations

Branches:
Dungeon (4/15)
 Temple: D:4-7

Annotations:
D:3 bli's ghost, amateur GrFE


Innate Abilities, Weirdness & Mutations

You have an increased reservoir of magic. (+10% MP)
You are somewhat resistant to further mutation.


Message History

The orc priest misses you.
Your ball python bites the orc priest but does no damage.
Your ball python barely misses the orc priest.
You hit the orc priest.
The orc priest is poisoned.
The orc priest is lightly wounded.
The orc priest closely misses you.
Your ball python barely misses the orc priest.
Your ball python grabs the orc priest.
Your ball python constricts the orc priest.
You hit the orc priest.
The orc priest looks as sick as possible!
The orc priest is lightly wounded.
Your ball python bites the orc priest but does no damage.
Your ball python constricts the orc priest.
The orc priest completely misses you.
You bite the orc priest!
The orc priest looks as sick as possible!
The orc priest is severely wounded.
Your ball python loses its grip on the orc priest.
Your ball python withers and dies!
The orc priest barely misses you.
You hit the orc priest but do no damage.
The orc priest is severely wounded.
The orc priest miscasts a cantrip.
You bite the orc priest!
You kill the orc priest!
You have reached level 6!
Your experience leads to a dramatic increase in your attributes!
Your base attributes are Str 13, Int 19, Dex 16.
Increase (S)trength, (I)ntelligence, or (D)exterity?
You feel clever. x2
Things that are here:
a whip; a ring mail; an orc corpse You butcher the orc corpse.
g - 4 chunks of flesh (gained 1)
Things that are here:
a whip; a ring mail; an orc skeleton Your transformation has ended.
Your scarf of resistance unmelds from your body.
Your +0 pair of gloves unmelds from your body.
Your +0 robe unmelds from your body.
You feel resistant to extremes of temperature.
k - 5 scrolls labeled HOYMOIR CEPI (gained 1)
r - a royal jelly You are feeling hungry.
Eat one of 4 chunks of flesh? (ye/n/q)
You eat one of the 4 chunks of flesh.
This raw flesh tastes terrible.
Found a stone staircase leading up.
There is a stone staircase leading up here.
You climb upwards.
Level annotation: bli's ghost, amateur GrFE The goblin shouts!
The orc shouts!
Found 18 stones and a coppery potion.
There is a stone staircase leading down here.
Found a scroll labeled HOYMOIR CEPI.
Found a glowing golden altar of the Shining One.
k - 6 scrolls labeled HOYMOIR CEPI (gained 1)
There is a stone staircase leading down here.
The goblin shouts!
You climb downwards.
There is a stone staircase leading up here. 2 orcs, an orc wizard and a two-headed ogre come into view.
The two-headed ogre shouts in stereo!
The orc wizard shouts!
Casting: Spider Form
Confirm with . or Enter, or press ? or * to list all spells.
You create a snake!
You now have 22 arrows.
The orc shouts! x2
Casting: Sticks to Snakes
Confirm with . or Enter, or press ? or * to list all spells.
You turn into a venomous arachnid creature.
Your scarf of resistance melds into your body.
Your +0 pair of gloves melds into your body.
Your +0 robe melds into your body.
You feel hot and cold all over.
An orc priest comes into view. It is wielding a flail.
Casting: Spider Form
Confirm with . or Enter, or press ? or * to list all spells.
You miscast Sticks to Snakes.
You are very lightly contaminated with residual magic.
Strange energies run through your body.
Your ball python barely misses the orc.
Your ball python closely misses the orc.
The orc throws a tomahawk.
The tomahawk hits your ball python.
Your ball python dies!
The orc priest invokes the aid of Beogh against you.
Beogh smites you!
You hit the two-headed ogre but do no damage.
The two-headed ogre is poisoned.
The orc priest begins to cast a cantrip, but forgets the words!
The two-headed ogre barely misses you. x2
You hit the two-headed ogre.
The two-headed ogre looks as sick as possible!
The two-headed ogre is lightly wounded.
You aren't carrying any items that you can evoke.
Unknown command.
Your transformation is almost over.
The orc wizard looks encouraged for a moment.
There is a stone staircase leading up here.
The two-headed ogre hits you with a giant club!
The two-headed ogre hits you with a giant spiked club!!
Ouch! That really hurt!
You die...

.# .# ##.. ###.# .... ##.. #..#
## ##.... #..# .# #..#.# ..#
.###.##.# #.# ####
.....##.##### #.####... #
###....†....###.s##..# .##
..#..)..###.##...O#.### ...#
.........##........o..####....#
..........###.##..###oo.......#
..........###.....# #####.....#
..........#....##.# .oo..#
............#.###.. #(...#
...........##.# #### ....#
...........##.# ...o#


You could see a two-headed ogre and an orc wizard.

Vanquished Creatures
  Edmund (D:4)
  2 orc priests (D:4)
  A hound (D:4)
  An orc wizard (D:4)
  2 adders
  A shadow imp (D:3)
  2 worms
  3 dart slugs
  4 leopard geckos
  7 orcs
  2 ball pythons
  5 bats
  A giant cockroach (D:3)
  6 goblins
  7 hobgoblins
  6 kobolds
  2 quokkas (D:2)
  2 frilled lizards
  5 rats
60 creatures vanquished.

Vanquished Creatures (collateral kills)
  2 bats (D:2)
  A goblin (D:1)
3 creatures vanquished.

Grand Total: 63 creatures vanquished

Notes
Turn   | Place    | Note
-------+----------+-------------------------------------------
     0 | D:1      | tidbits the Demigod Transmuter began the quest for the Orb.
     0 | D:1      | Reached XP level 1. HP: 15/15 MP: 5/5
    45 | D:1      | Reached skill level 3 in Unarmed Combat
   141 | D:1      | Reached XP level 2. HP: 10/22 MP: 5/7
   148 | D:1      | Learned a level 2 spell: Sticks to Snakes
   438 | D:1      | Gained mutation: You are somewhat resistant to further mutation. [potion of mutation]
   516 | D:2      | Reached XP level 3. HP: 27/27 MP: 2/8
   644 | D:2      | Found an opulent altar of Gozag.
   684 | D:2      | Reached skill level 2 in Spellcasting
   689 | D:2      | Learned a level 3 spell: Spider Form
   793 | D:2      | Reached skill level 2 in Transmutations
   879 | D:4      | Reached skill level 4 in Unarmed Combat
   978 | D:3      | Noticed bli's ghost (amateur GrFE)
  1039 | D:3      | Reached XP level 4. HP: 34/34 MP: 0/9
  1068 | D:2      | Found an opulent altar of Gozag.
  1258 | D:4      | Noticed Edmund
  1271 | D:4      | Killed Edmund
  1271 | D:4      | Reached skill level 5 in Unarmed Combat
  1271 | D:4      | Reached skill level 3 in Transmutations
  1271 | D:4      | Reached XP level 5. HP: 21/39 MP: 5/10
  1331 | D:4      | Reached XP level 6. HP: 43/46 MP: 4/11
  1374 | D:3      | Found a glowing golden altar of the Shining One.
  1398 | D:4      | Noticed a two-headed ogre
  1412 | D:4      | Slain by a two-headed ogre

Skill      XL: |  1  2  3  4 |
---------------+-------------+-----
Unarmed Combat | 3 4 5 |  5.5
Spellcasting   | 2 |  2.0
Transmutations | 2 3 |  3.3
Fighting       | |  0.8
Dodging        | |  1.7

Action                   |  1- 3 |  4- 6 || total
-------------------------+-------+-------++-------
Melee: Unarmed           |   134 |    41 ||   175
       Kick              |     7 |       ||     7
       Headbutt          |     7 |       ||     7
 Cast: Beastly Appendage |    20 |       ||    20
       Sticks to Snakes  |     7 |     3 ||    10
       Spider Form       |     6 |     7 ||    13
  Use: Scroll            |     2 |       ||     2
       Potion            |     1 |       ||     1
 Stab: Sleeping          |     4 |       ||     4
       Distracted        |     1 |     1 ||     2
  Eat: Chunk             |     2 |     3 ||     5
Armor: Robe              |    22 |     2 ||    24
       Skin              |     3 |     2 ||     5
Dodge: Dodged            |    89 |    19 ||   108

Table legend:
 A = Turns spent in this place as a percentage of turns spent in the entire game.
 B = Non-inter-level travel turns spent in this place as a percentage of non-inter-level travel turns spent in the entire game.
 C = Inter-level travel turns spent in this place as a percentage of turns spent in this place.
 D = Turns resting spent in this place as a percentage of non-inter-level travel turns spent in this place.
 E = Turns spent auto-exploring this place as a percentage of non-inter-level travel turns spent in this place.
 F = Non-inter-level travel turns spent in this place divided by the number of levels of this place that you've seen.
                   A       B       C       D       E      F
               +-------+-------+-------+-------+-------+----------------------
         Total | 100.0 | 100.0 |   0.2 |   0.0 |   0.0 | 331.5
       Dungeon | 100.0 | 100.0 |   0.2 |   0.0 |   0.0 | 331.5
               +-------+-------+-------+-------+-------+----------------------

Table legend:
 A = Kills in this place as a percentage of kills in entire the game.
 B = Kills by you in this place as a percentage of kills by you in the entire game.
 C = Kills by friends in this place as a percentage of kills by friends in the entire game.
 D = Other kills in this place as a percentage of other kills in the entire game.
 E = Experience gained in this place as a percentage of experience gained in the entire game.
 F = Experience gained in this place divided by the number of levels of this place that you have seen.
                   A       B       C       D       E      F
               +-------+-------+-------+-------+-------+----------------------
         Total | 100.0 | 100.0 | 100.0 |  -nan | 100.0 | 114.8
       Dungeon | 100.0 | 100.0 | 100.0 |  -nan | 100.0 | 114.8
               +-------+-------+-------+-------+-------+----------------------

Vault maps used:
D:1:      dpeg_arrival_refuge
D:2:      nicolae_overflow_crystal_walls, grunt_gozag_breadcrumbs
D:3:      nicolae_overflow_hidden_temple, overflow_temple_1_default, uniq_ijyb
D:4:      nicolae_tso_besieged_by_evil, uniq_eustachio, uniq_edmund
